 Dungeon Crawl Stone Soup version 0.32-a0-666-ge8a88695a4 (webtiles) character file.

Game seed: 10361647373311782043

30 Esekla the Sneak (level 3, 13/26 HPs)
             Began as an Octopode Delver on Mar 10, 2024.
             Quit the game on level 5 of the Dungeon.
             The game lasted 00:01:30 (109 turns).

Esekla the Sneak (Octopode Delver)                   Turns: 109, Time: 00:01:30

Health: 13/26      AC:  1    Str: 11    XL:     3   Next: 18%
Magic:  3/3        EV: 13    Int: 14    God:
Gold:   0          SH:  0    Dex: 13    Spells: 2/2 levels left

rFire   . . .        a - +0 falchion
rCold   . . .        (no shield)
rNeg    . . .        (helmet restricted)
rPois   .            (no amulet)
rElec   .            (no ring)
rCorr   .            (no ring)
SInv    .            (no ring)
Will    .....        (no ring)
Stlth   +++++        (no ring)
HPRegen 0.24/turn    (no ring)
MPRegen 0.08/turn    (no ring)
                     (no ring)

%: no passive effects
@: hasted, very quick
A: almost no armour, amphibious, 8 rings, camouflage 1, gelatinous body 1,
(nimble swimmer 1), tentacles
a: no special abilities


You were on level 5 of the Dungeon.
You visited 1 branch of the dungeon, and saw 1 of its levels.

Inventory:

Hand Weapons
 a - a +0 falchion (weapon)
Wands
 f - a wand of digging (3)
Scrolls
 b - a scroll of fog
Potions
 c - a potion of lignification {unknown}
 d - a potion of curing {unknown}
 e - a potion of haste


   Skills:
 + Level 3.2 Fighting
 + Level 2.1 Long Blades
 + Level 2.2 Dodging
 + Level 7.5 Stealth


You had 2 spell levels left.
You didn't know any spells.
Your spell library was empty.

Dungeon Overview and Level Annotations

Branches:
Dungeon (5/15)
 Temple: D:4-7

Altars:
Cheibriados
Nemelex Xobeh


Innate Abilities, Weirdness & Mutations

You cannot wear most types of armour.
You are amphibious.
You can wear up to eight rings at the same time.
Your skin changes colour to match your surroundings (Stealth+).
Your rubbery body absorbs attacks. (AC +1, EV +1)
((You are camouflaged when in or above water. (Stealth+)))
You have tentacles for arms and can constrict up to eight enemies at once.


Message History

A hound comes into view.
Found 12 gold pieces.
The hound moves out of view.
Found a potion of haste.
The hound barks!
Found a dagger.
Okay, then.
You feel yourself speed up. The hound bites you.
Found 16 gold pieces.
The hound bites you. The hound bites you.
You see here a fuming yellow potion.
d - a fuming yellow potion The hound bites you but does no damage.
The hound attacks as it pursues you! The hound bites you.
The hound attacks as it pursues you! The hound misses you.
The hound closely misses you.
You see here a potion of haste.
e - a potion of haste The hound closely misses you.
The hound closely misses you. The hound barely misses you.
The phantom attacks as it pursues you! The phantom hits you.
Found a stone staircase leading up.
The hound attacks as it pursues you! The hound bites you.
You open the large door. The hound misses you.
Found two altars.
There is a large open door here.
The hound pauses to sniff the ground.
You hit the hound. You grab the hound. You squeeze the hound!
The hound is severely wounded.
You constrict the hound. The hound misses you.
You hit the hound.
You kill the hound!
Your Stealth skill increases to level 7!
You have reached level 2!
You have reached level 3!
Your experience leads to an increase in your attributes!
Increase (S)trength, (I)ntelligence, or (D)exterity?
You feel clever. x2
You close the large door.
Are you sure you want to abandon this character and quit the game? (Confirm with "yes".)

##.....*#..
#.....##...
#.....#....
*#.........
#.........
#########.........
###ß##......##......
#⌠_.+....#,,##......
#⌠_@+.W..####.......
###ß###...#.#.......
###*#.............
**#....$...........
*.....##......###..
*#...<*#.......###.
*#....,#.........##
*.....,.......$....
*...,*#..).......##


There were no monsters in sight!

Vanquished Creatures
  A hound (D:5)
1 creature vanquished.

Notes
Turn   | Place    | Note
-------+----------+-------------------------------------------
     0 | D:5      | Esekla the Octopode Delver began the quest for the Orb.
     0 | D:5      | Reached XP level 1. HP: 16/16 MP: 1/1
    57 | D:5      | Noticed a phantom
    73 | D:5      | Noticed a bombardier beetle
    76 | D:5      | Noticed a hound
   103 | D:5      | Found a snail-covered altar of Cheibriados.
   103 | D:5      | Found a sparkling altar of Nemelex Xobeh.
   107 | D:5      | Killed a hound
   108 | D:5      | Reached skill level 7 in Stealth
   108 | D:5      | Reached XP level 2. HP: 10/21 MP: 2/2
   108 | D:5      | Reached XP level 3. HP: 13/26 MP: 3/3
   109 | D:5      | Quit the game

Illustrated notes

Levels and vault maps discovered:
D:5:      layout_cave_pools, gammafunk_temple_overflow_wave

Skill      XL: |  1 |
---------------+----+-----
Stealth        | 7 |  7.5
Fighting       | |  3.2
Long Blades    | |  2.1
Dodging        | |  2.2

Action                     || total
---------------------------++-------
  Melee: Falchion          ||     2
         Constrict         ||     1
         Tentacles         ||     1
    Use: Scroll            ||     2
         Potion            ||     1
 Armour: Skin              ||     8
  Dodge: Dodged            ||    15

Table legend: (Time is in decaauts)
 A = Elapsed time spent in this place.
 B = Non-inter-level travel time spent in this place.
 C = Inter-level travel time spent in this place.
 D = Time resting spent in this place.
 E = Time spent auto-exploring this place.
 F = Levels seen in this place.
 G = Mean time per level.
                   A        B        C        D        E       F      G
               +--------+--------+--------+--------+--------+-----+--------+
         Total |    100 |    100 |      0 |      0 |      0 |   1 |  100.0 |
       Dungeon |    100 |    100 |      0 |      0 |      0 |   1 |  100.0 |
               +--------+--------+--------+--------+--------+-----+--------+

Top non-repeatable levels by time:
     D:5: 100 daAuts
